 Dungeon Crawl Stone Soup version 0.14.1-26-g5a19342 (webtiles) character file.

187 Kae the Firebug (level 3, -8/19 HPs)
             Began as a Tengu Fire Elementalist on July 26, 2014.
             Mangled by Sigmund
             ... wielding a +1,+1 scythe
              (10 damage)
             ... on Level 2 of the Dungeon.
             The game lasted 00:01:52 (1405 turns).

Kae the Firebug (Tengu Fire Elementalist)           Turns: 1405, Time: 00:01:52

HP  -8/19        AC  2     Str  8      XL: 3   Next: 70%
MP   1/7         EV 12     Int 16      God:
Gold 140         SH  0     Dex 14      Spells:  1 memorised,  5 levels left

rFire  . . .     SeeInvis .     (no weapon)
rCold  . . .     Clarity  .     a - +0 robe
rNeg   . . .     Conserve .     (no shield)
rPois  .         rCorr    .     (helmet restricted)
rElec  .         rRot     .     (no cloak)
SustAb . .       Spirit   .     (no gloves)
rMut   .         Warding  .     (boots unavailable)
Saprov . . .     Stasis   .     (no amulet)
MR     .....                    (no ring)
                                (no ring)

@: very slightly contaminated, not resistant to hostile enchantments, fairly
stealthy
A: beak, talons 3
a: no special abilities


You were on level 2 of the Dungeon.
You were not hungry.

You visited 1 branch of the dungeon, and saw 2 of its levels.

You collected 140 gold pieces.

Inventory:

Armour
 a - a +0 robe (worn)
Comestibles
 c - 3 bread rations
 f - a meat ration
 l - 7 grapes
 q - an apple
 r - a pear
Scrolls
 e - 3 scrolls of remove curse {unknown}
 h - 2 scrolls of fog {unknown}
 i - a scroll of recharging {unknown}
 j - a scroll of enchant weapon I {unknown}
 k - 2 scrolls of identify {unknown}
 m - a scroll of noise {unknown}
 n - 3 scrolls of random uselessness {unknown}
Potions
 d - a potion of heal wounds {unknown}
 g - a potion of restore abilities {unknown}
 o - a potion of curing {unknown}
 p - a potion of might {unknown}
 s - 2 potions of haste {unknown}
Books
 b - a book of Flames

   Spells                             Type                      Level
   *Flame Tongue                      Conjuration/Fire             1
   Throw Flame                        Conjuration/Fire             2
   Conjure Flame                      Conjuration/Fire             3
   Inner Flame                        Hexes/Fire                   3
   Sticky Flame                       Conjuration/Fire             4
   Fireball                           Conjuration/Fire             5


   Skills:
 - Level 2.1 Dodging
 - Level 2.0 Stealth
 + Level 2.3 Spellcasting
 * Level 3.1 Conjurations
 * Level 4.0 Fire Magic


You had 5 spell levels left.
You knew the following spells:

 Your Spells              Type           Power        Failure   Level  Hunger
a - Flame Tongue          Conj/Fire      ##...        6%          1    #......


Dungeon Overview and Level Annotations

Branches:
Dungeon (2/15)

Altars:

Annotations:
D:2 Sigmund


Innate Abilities, Weirdness & Mutations

You have a beak for a mouth.
You have claws for feet.


Message History

You are very lightly contaminated with residual magic.
The air around you burns with energy!
Casting: Flame Tongue
Confirm with . or Enter, or press ? or * to list all spells.
Aiming: Flame Tongue
Press: ? - help, Shift-Dir - straight line, f/p - Sigmund
Aim: Sigmund, wielding a scythe and wearing a robe (heavily wounded)
The flame tongue hits Sigmund.
Sigmund is heavily wounded.
Sigmund closely misses you.
Casting: Flame Tongue
Confirm with . or Enter, or press ? or * to list all spells.
Aiming: Flame Tongue
Press: ? - help, Shift-Dir - straight line, f/p - Sigmund
Aim: Sigmund, wielding a scythe and wearing a robe (heavily wounded)
The flame tongue hits Sigmund.
Sigmund is almost dead.
Sigmund hits you from afar with a scythe!
Ouch! That really hurt!
You die...

##### ##...# #
....# #.
##..$####
#.##.......#
#(.......@.##.#
#....@......#
#........####
#........#
#........#
#.##...###
#.##...#
#.##...#
#......#
#......#


You could see Sigmund.

Vanquished Creatures
  An adder (D:2)
  A worm (D:1)
  A giant gecko (D:2)
  3 goblins
  5 hobgoblins
  2 jackals (D:1)
  7 bats
  2 giant newts
  4 kobolds
  5 rats (D:2)
31 creatures vanquished.

Notes
Turn   | Place    | Note
--------------------------------------------------------------
     0 | D:1      | Kae, the Tengu Fire Elementalist, began the quest for the Orb.
     0 | D:1      | Reached XP level 1. HP: 10/10 MP: 3/3
   297 | D:1      | Reached XP level 2. HP: 15/15 MP: 0/5
  1049 | D:2      | Reached XP level 3. HP: 19/19 MP: 2/7
  1208 | D:2      | Reached skill level 4 in Fire Magic
  1396 | D:2      | Noticed Sigmund
  1405 | D:2      | Mangled by Sigmund

Action                   || total
-------------------------++-------
Melee: Unarmed           ||    36
 Cast: Flame Tongue      ||    50
